[Event "Titled Tuesday Blitz January 31 Late 2023"]
[White "Sanal, Vahap"]
[Black "Oparin, Grigoriy"]
[WhiteFideId "6300545"]
[BlackFideId "24125890"]
[WhiteElo "2600"]
[BlackElo "2667"]
[Result "1-0"]
[Round "05"]
[TimeControl "180+2"]
[Date "2023.01.31"]
[WhiteClock "0:01:05"]
[BlackClock "0:00:14"]

1. e4 e5 2. Nf3 Nc6 3. Bb5 Nge7 4. Nc3 Ng6 5. d4 exd4 6. Nxd4 Nxd4 7. Qxd4 c6 8. Be2 Qb6 9. Qd3 Be7 10. O-O O-O 11. a4 d6 12. Be3 Qc7 13. f4 Bd7 14. Rad1 Rad8 15. Bd4 Rfe8 16. Qg3 Bh4 17. Qf3 Be7 18. Qg3 Bf8 19. h4 c5 20. Nd5 Qc8 21. Bc3 Rxe4 22. Bd3 Bf5 23. Bxe4 Bxe4 24. h5 Qf5 25. hxg6 Bxd5 26. Qh4 Qxg6 27. Rxd5 f6 1-0


[Site "https://www.chess.com"]

[Event "Titled Tuesday Blitz January 31 Late 2023"]
[White "Kozak, Adam"]
[Black "Urazayev, Arystanbek"]
[WhiteFideId "753246"]
[BlackFideId "13709810"]
[WhiteElo "2572"]
[BlackElo "2460"]
[Result "1/2-1/2"]
[Round "05"]
[TimeControl "180+2"]
[Date "2023.01.31"]
[WhiteClock "0:00:02"]
[BlackClock "0:00:12"]

1. c4 e6 2. Nc3 d5 3. d4 Nf6 4. cxd5 exd5 5. Bf4 Bd6 6. Bg3 c6 7. e3 Bf5 8. Qb3 b6 9. Nf3 Bxg3 10. hxg3 O-O 11. Be2 Re8 12. Rc1 Nbd7 13. O-O h5 14. Rfd1 Rc8 15. Qa3 a5 16. Qd6 Qe7 17. Qxe7 Rxe7 18. Ba6 Rb8 19. Be2 b5 20. Nb1 Rb6 21. Nbd2 Ne4 22. Nxe4 Bxe4 23. Nd2 Bg6 24. Nb3 a4 25. Nc5 Nxc5 26. Rxc5 f6 27. Rdc1 Be8 28. Bf3 Kf8 29. Kf1 g5 30. Ke1 g4 31. Be2 f5 32. Kd2 Kg7 33. Bd3 Kf6 34. Kc3 b4+ 35. Kd2 Ra7 36. a3 bxa3 37. bxa3 Rb3 38. R5c3 Rb2+ 39. R1c2 Rb6 40. Ra2 Rab7 41. Bc2 Ra7 42. Kc1 Rab7 43. Rc5 Bg6 44. Ra5 f4 45. exf4 Bxc2 46. Rxc2 Rb1+ 47. Kd2 Rf1 48. Rxc6+ Kf5 49. Ke2 Rbb1 50. Rxd5+ Ke4 51. Re5+ Kxd4 52. Rd6+ Kc4 53. Rc6+ Kd4 54. Rd6+ Kc4 55. Rc6+ Kd4 1/2-1/2


[Site "https://www.chess.com"]

[Event "Titled Tuesday Blitz January 31 Late 2023"]
[White "Boruchovsky, Avital"]
[Black "Dominguez Perez, Leinier"]
[WhiteFideId "2800055"]
[BlackFideId "3503240"]
[WhiteElo "2539"]
[BlackElo "2739"]
[Result "0-1"]
[Round "05"]
[TimeControl "180+2"]
[Date "2023.01.31"]
[WhiteClock "0:00:08"]
[BlackClock "0:00:03"]

1. e4 Nf6 2. e5 Nd5 3. c4 Nb6 4. Nc3 d6 5. exd6 exd6 6. d4 Be7 7. Be3 O-O 8. Bd3 Na6 9. b3 Nb4 10. Bb1 c6 11. a3 Na6 12. Nge2 d5 13. c5 Nd7 14. Ng3 Re8 15. O-O Nc7 16. b4 Nf8 17. Nf5 Bxf5 18. Bxf5 g6 19. Bd3 Bf6 20. a4 Nce6 21. Ne2 Bg7 22. b5 Qh4 23. Rb1 Re7 24. bxc6 bxc6 25. Ba6 Rae8 26. Qd2 Bf6 27. Rb7 Ng7 28. Rxe7 Rxe7 29. Bc8 Nfe6 30. Rb1 Nf5 31. g3 Qg4 32. Rb8 Kg7 33. Nf4 Nxf4 34. Bxf4 h5 35. Bxf5 Qxf5 36. Bh6+ Kh7 37. Be3 h4 38. Qa5 h3 39. Qd8 Rxe3 40. Qg8+ Kh6 41. fxe3 Qc2 42. Kf1 Qd1+ 43. Kf2 Qd2+ 44. Kf1 Qxh2 45. Qxf7 Qg2+ 46. Ke1 h2 47. Qf8+ Bg7 48. Qf4+ g5 49. Qd6+ Kh5 50. g4+ Kh4 51. Rh8+ Bxh8 0-1


[Site "https://www.chess.com"]

[Event "Titled Tuesday Blitz January 31 Late 2023"]
[White "Bacrot, Etienne"]
[Black "Rasulov, Vugar"]
[WhiteFideId "605506"]
[BlackFideId "13402390"]
[WhiteElo "2667"]
[BlackElo "2523"]
[Result "1-0"]
[Round "05"]
[TimeControl "180+2"]
[Date "2023.01.31"]
[WhiteClock "0:01:15"]
[BlackClock "0:00:02"]

1. d4 Nf6 2. Nf3 e6 3. g3 b5 4. Bg2 Bb7 5. O-O Be7 6. a4 b4 7. c4 O-O 8. Nc3 bxc3 9. bxc3 d6 10. h4 Nbd7 11. Qc2 h6 12. Bf4 Rb8 13. Rfe1 Be4 14. Qc1 Nb6 15. Nd2 Bxg2 16. Kxg2 Qd7 17. e4 Rfe8 18. a5 Na8 19. f3 e5 20. Be3 exd4 21. cxd4 c6 22. Nf1 Nc7 23. g4 Rb4 24. Ng3 Reb8 25. g5 Rb2+ 26. Re2 Rxe2+ 27. Nxe2 hxg5 28. hxg5 Nh5 29. d5 cxd5 30. cxd5 Nb5 31. a6 Rc8 32. Qd2 Rc4 33. Rb1 Rc8 34. Qd3 Nc7 35. Rb7 Qa4 36. Rxa7 Bf8 37. Qc3 Qa2 38. Kf2 Nxd5 39. Qxc8 Nxe3 40. Kxe3 Qa5 41. Ra8 Qxg5+ 42. f4 Qa5 43. Qxf8+ Kh7 44. Qc8 Qb6+ 45. Kf3 Qb3+ 46. Kg2 Kh6 47. Qg4 g6 48. Rh8+ Kg7 49. Rxh5 Qa2 50. Rh3 Qxa6 51. Re3 Qb6 52. Qf3 Qb1 53. e5 d5 54. Qxd5 Qf5 55. Qf3 Qe6 56. Qg3 Qd5+ 57. Rf3 Qd2 58. Qf2 Qd5 59. Ng3 Qe6 60. Qe2 Qd5 61. f5 g5 62. f6+ Kh6 63. Nf5+ Kh7 64. Kf1 g4 65. Rh3+ Kg6 66. Qxg4# 1-0


[Site "https://www.chess.com"]

[Event "Titled Tuesday Blitz January 31 Late 2023"]
[White "Nakamura, Hikaru"]
[Black "Yoo, Christopher Woojin"]
[WhiteFideId "2016192"]
[BlackFideId "30909694"]
[WhiteElo "2775"]
[BlackElo "2607"]
[Result "1-0"]
[Round "05"]
[TimeControl "180+2"]
[Date "2023.01.31"]
[WhiteClock "0:01:09"]
[BlackClock "0:00:23"]

1. Nf3 Nf6 2. e3 d5 3. c4 e6 4. d4 Nbd7 5. Nc3 c6 6. Bd3 dxc4 7. Bxc4 b5 8. Bb3 b4 9. Na4 Bb7 10. Qe2 Qa5 11. Nd2 c5 12. O-O Be7 13. Nc4 Qa6 14. Bd2 cxd4 15. exd4 O-O 16. Rfc1 Rfc8 17. Bd1 Bc6 18. b3 Bb5 19. Nab2 Nb6 20. Qe1 Nxc4 21. bxc4 Bxc4 22. Rxc4 Rxc4 23. Be2 Rac8 24. Nxc4 Rxc4 25. Qf1 Ne4 26. Bxc4 Qa3 27. Be3 1-0


[Site "https://www.chess.com"]

[Event "Titled Tuesday Blitz January 31 Late 2023"]
[White "Dubov, Daniil"]
[Black "Kamsky, Gata"]
[WhiteFideId "24126055"]
[BlackFideId "2000024"]
[WhiteElo "2708"]
[BlackElo "2665"]
[Result "1-0"]
[Round "05"]
[TimeControl "180+2"]
[Date "2023.01.31"]
[WhiteClock "0:00:11"]
[BlackClock "0:00:10"]

1. d4 d5 2. Nf3 Nf6 3. Bg5 Ne4 4. Bh4 c6 5. e3 Bf5 6. Bd3 Nd7 7. O-O Qb6 8. Nbd2 e6 9. Bxe4 dxe4 10. Nc4 Qc7 11. Bg3 Qd8 12. Nh4 Nf6 13. Nxf5 exf5 14. c3 Be7 15. Qb3 Qc8 16. Bd6 b5 17. Ne5 Qe6 18. Qxe6 fxe6 19. Bxe7 Kxe7 20. Nxc6+ Kd6 21. Ne5 Rhc8 22. a4 b4 23. c4 Nd7 24. Nxd7 Kxd7 25. b3 e5 26. Rfd1 Ke6 27. dxe5 Rd8 28. Rd4 Kxe5 29. Rad1 Rxd4 30. Rxd4 Ke6 31. h4 g6 32. Rd5 a5 33. Kh2 h6 34. Kh3 g5 35. hxg5 hxg5 36. g4 f4 37. Rxg5 fxe3 38. fxe3 Rd8 39. Kg3 Rd3 40. Kf4 Rxb3 41. Rxa5 Rc3 42. Ra6+ Kf7 43. Rb6 Rxc4 44. a5 Rc5 45. a6 Ra5 46. Rxb4 Rxa6 47. Rxe4 Kf6 48. Rd4 Ra1 49. Rd6+ Kf7 50. Rb6 Rf1+ 51. Kg5 Re1 52. Rb7+ Kf8 53. Kg6 Rxe3 54. Rb8+ Ke7 55. g5 1-0


[Site "https://www.chess.com"]

[Event "Titled Tuesday Blitz January 31 Late 2023"]
[White "Kazakouski, Valery"]
[Black "Abdrlauf, Elham"]
[WhiteFideId "13507443"]
[BlackFideId "1533533"]
[WhiteElo "2539"]
[BlackElo "2518"]
[Result "1-0"]
[Round "05"]
[TimeControl "180+2"]
[Date "2023.01.31"]
[WhiteClock "0:00:31"]
[BlackClock "0:00:02"]

1. Nf3 d5 2. c4 e6 3. b3 Nf6 4. Bb2 c6 5. g3 Bd6 6. Bg2 O-O 7. O-O Nbd7 8. Qc2 Qe7 9. Nc3 b6 10. e4 Bb7 11. d4 dxe4 12. Nxe4 Nxe4 13. Qxe4 Nf6 14. Qh4 Ba3 15. Bxa3 Qxa3 16. Ne5 Rac8 17. Rfd1 Rfd8 18. Rd2 h6 19. Rad1 a5 20. g4 Qe7 21. Qg3 Nd7 22. f4 Nxe5 23. fxe5 Rd7 24. h4 Rcd8 25. g5 hxg5 26. hxg5 g6 27. Qf4 Kg7 28. Qf6+ Kg8 29. Kf2 Qxf6+ 30. gxf6 a4 31. b4 Ba6 32. Bxc6 Rc7 33. b5 Bb7 34. d5 Bc8 35. dxe6 Bxe6 36. Rxd8+ 1-0


[Site "https://www.chess.com"]

[Event "Titled Tuesday Blitz January 31 Late 2023"]
[White "Lenderman, Aleksandr"]
[Black "Grigoriants, Sergey"]
[WhiteFideId "2021285"]
[BlackFideId "4130804"]
[WhiteElo "2572"]
[BlackElo "2562"]
[Result "1-0"]
[Round "05"]
[TimeControl "180+2"]
[Date "2023.01.31"]
[WhiteClock "0:01:43"]
[BlackClock "0:00:40"]

1. Nf3 d5 2. e3 Nf6 3. c4 e6 4. b3 Bd6 5. Bb2 O-O 6. Nc3 a6 7. g3 c6 8. d4 Nbd7 9. Bg2 b6 10. O-O Bb7 11. Rc1 Rc8 12. Qd3 c5 13. cxd5 exd5 14. dxc5 Nxc5 15. Qf5 g6 16. Qg5 Nd3 17. Na4 Ne4 18. Qxd8 Rfxd8 19. Rxc8 Rxc8 20. Nxb6 Rc2 21. Bd4 Rxa2 22. Nd7 Ndxf2 23. Nfe5 f5 24. Rc1 Nd3 25. Nxd3 1-0


[Site "https://www.chess.com"]

[Event "Titled Tuesday Blitz January 31 Late 2023"]
[White "Babazada, Khazar"]
[Black "Bernadskiy, Vitaliy"]
[WhiteFideId "13413554"]
[BlackFideId "14100371"]
[WhiteElo "2474"]
[BlackElo "2592"]
[Result "1-0"]
[Round "05"]
[TimeControl "180+2"]
[Date "2023.01.31"]
[WhiteClock "0:00:56"]
[BlackClock "0:00:02"]

1. Nf3 Nf6 2. g3 g6 3. Bg2 Bg7 4. O-O d5 5. d3 O-O 6. Nbd2 Nc6 7. e4 e5 8. exd5 Nxd5 9. Re1 Re8 10. a3 h6 11. Rb1 a5 12. c4 Nde7 13. Ne4 Nf5 14. b4 axb4 15. axb4 Ncd4 16. Nxd4 Nxd4 17. Bb2 c6 18. c5 Nb5 19. Qc2 Bf5 20. Ra1 Qc7 21. Nd2 Rad8 22. Be4 Bxe4 23. dxe4 Qd7 24. Nc4 Qd3 25. Qxd3 Rxd3 26. Re3 Rxe3 27. fxe3 Rd8 28. Bxe5 Bxe5 29. Nxe5 Nc3 30. Ra7 Re8 31. Nd7 Nxe4 32. Rxb7 Kg7 33. Nb8 Nc3 34. Nxc6 Rxe3 35. Nd8 Re1+ 36. Kf2 Re8 37. Rxf7+ Kg8 38. Rd7 Ne4+ 39. Kg2 Ng5 40. h4 Ne4 41. c6 1-0


[Site "https://www.chess.com"]

[Event "Titled Tuesday Blitz January 31 Late 2023"]
[White "Kowalski, Igor"]
[Black "Carlsen, Magnus"]
[WhiteFideId "1172468"]
[BlackFideId "1503014"]
[WhiteElo "2380"]
[BlackElo "2853"]
[Result "0-1"]
[Round "05"]
[TimeControl "180+2"]
[Date "2023.01.31"]
[WhiteClock "0:00:18"]
[BlackClock "0:01:44"]

1. d4 d5 2. c4 e6 3. Nc3 Nf6 4. Nf3 a6 5. cxd5 exd5 6. Bg5 Be6 7. e3 Nbd7 8. Bd3 Bd6 9. Bf4 Bxf4 10. exf4 Bg4 11. O-O O-O 12. h3 Bxf3 13. Qxf3 c6 14. g4 Ne8 15. Rfe1 Nd6 16. g5 Qb6 17. Re7 Rad8 18. Ne2 Rfe8 19. Rxe8+ Rxe8 20. Qg4 Qxb2 21. Rb1 Qd2 22. Rb3 Nf8 23. f5 Qxa2 24. Rc3 Rxe2 25. Qxe2 Qa1+ 0-1


[Site "https://www.chess.com"]

[Event "Titled Tuesday Blitz January 31 Late 2023"]
[White "So, Wesley"]
[Black "Timmermans, Mark"]
[WhiteFideId "5202213"]
[BlackFideId "1026399"]
[WhiteElo "2760"]
[BlackElo "2392"]
[Result "1-0"]
[Round "05"]
[TimeControl "180+2"]
[Date "2023.01.31"]
[WhiteClock "0:00:24"]
[BlackClock "0:00:39"]

1. e4 e5 2. Nf3 Nc6 3. Bc4 Nf6 4. d3 Be7 5. O-O O-O 6. Re1 d6 7. a4 Kh8 8. Nc3 Ng8 9. Nd5 f5 10. c3 Bf6 11. b4 Nce7 12. b5 Nxd5 13. Bxd5 Ne7 14. Bb3 Qe8 15. exf5 Bxf5 16. d4 e4 17. Nd2 d5 18. Nf1 Bh4 19. g3 Bf6 20. Ne3 Qd7 21. Ba3 c6 22. Rb1 Bg5 23. bxc6 bxc6 24. Nxf5 Qxf5 25. Qe2 Qh3 26. Qf1 Qxf1+ 27. Rxf1 Rf3 28. h4 Bf6 29. Rbc1 Nf5 30. Bd1 Nxd4 31. Bb2 Ne6 32. Bxf3 exf3 33. Ba3 g5 34. Rfe1 Ng7 35. hxg5 Bxg5 36. Rcd1 h5 37. Rd3 h4 38. gxh4 Bxh4 39. Rxf3 Kg8 40. Be7 Re8 41. Rfe3 Nf5 42. Bxh4 Rxe3 43. Rxe3 Nxh4 44. Re8+ 1-0


[Site "https://www.chess.com"]

[Event "Titled Tuesday Blitz January 31 Late 2023"]
[White "Caruana, Fabiano"]
[Black "Rakhmatullaev, Almas"]
[WhiteFideId "2020009"]
[BlackFideId "14205793"]
[WhiteElo "2764"]
[BlackElo "2275"]
[Result "1-0"]
[Round "05"]
[TimeControl "180+2"]
[Date "2023.01.31"]
[WhiteClock "0:01:10"]
[BlackClock "0:00:08"]

1. d4 Nf6 2. Nc3 d5 3. Bf4 c5 4. e3 e6 5. Nb5 Na6 6. c3 Be7 7. Nf3 O-O 8. Bd3 Bd7 9. a4 c4 10. Bc2 Bxb5 11. axb5 Nc7 12. Ba4 Bd6 13. Ne5 a6 14. bxa6 Rxa6 15. O-O Bxe5 16. Bxe5 Nd7 17. Bg3 Nb6 18. Bc2 f5 19. Qf3 Nd7 20. Qf4 Nb5 21. Rxa6 bxa6 22. Ra1 Qb6 23. h3 h6 24. Qf3 Nf6 25. Qd1 Ne4 26. Bxe4 fxe4 27. Qa4 Ra8 28. Qb4 Qc6 29. Ra5 Kf7 30. Be5 Ra7 31. Qa4 Ra8 32. Qd1 Qb6 33. Qg4 Rg8 34. Ra1 Qc6 35. f3 exf3 36. Rf1 Ke8 37. Rxf3 Kd8 38. Rf7 Kc8 39. Re7 Re8 40. Qxg7 Rxe7 41. Qxe7 a5 42. Qf8+ Kb7 43. Qxh6 a4 44. Qf8 a3 45. bxa3 Nxc3 46. Qb4+ Nb5 47. a4 c3 48. axb5 Qc4 49. Qxc4 dxc4 50. e4 c2 51. Bf4 Kb6 52. h4 Kxb5 53. h5 c3 54. h6 Kc4 55. h7 1-0


[Site "https://www.chess.com"]

[Event "Titled Tuesday Blitz January 31 Late 2023"]
[White "Santos Ruiz, Miguel"]
[Black "Jobava, Baadur"]
[WhiteFideId "22291482"]
[BlackFideId "13601520"]
[WhiteElo "2590"]
[BlackElo "2578"]
[Result "1/2-1/2"]
[Round "05"]
[TimeControl "180+2"]
[Date "2023.01.31"]
[WhiteClock "0:00:08"]
[BlackClock "0:00:15"]

1. e4 c6 2. d4 d5 3. exd5 cxd5 4. Bd3 Nf6 5. c3 Nc6 6. Nf3 Bg4 7. h3 Bxf3 8. Qxf3 e6 9. Bf4 Bd6 10. O-O Bxf4 11. Qxf4 Qb6 12. b4 O-O 13. Nd2 Rfc8 14. a4 Qc7 15. Qxc7 Rxc7 16. a5 Ne7 17. Nb1 Nc8 18. f3 Nd6 19. Kf2 Rac8 20. g4 g5 21. h4 h6 22. Ra2 Kg7 23. Re2 Ng8 24. hxg5 hxg5 25. Re5 Kf6 26. Rh1 Rxc3 27. Nxc3 Rxc3 28. Rh8 Rxd3 29. Rxg8 Rxd4 30. Rexg5 Rxb4 31. Rh5 Ke7 32. Rhh8 Ra4 33. g5 Ra2+ 34. Kf1 Rxa5 35. g6 fxg6 36. Rxg6 Ra1+ 37. Kf2 Ra2+ 38. Kf1 Nf5 39. Rh7+ Kd6 40. Rxb7 Ke5 41. Rb4 a5 42. f4+ Kd6 43. Rb6+ Kc5 44. Rgxe6 Ra1+ 45. Kf2 Ra2+ 46. Kf1 a4 47. Ra6 a3 48. Ra5+ Kd4 49. Rea6 Ne3+ 50. Kg1 Nc4 51. Ra4 Ke4 52. Rc6 Kxf4 53. Rcxc4+ dxc4 54. Rxc4+ Ke3 55. Rc3+ Kd4 56. Rf3 Kc4 57. Rf4+ Kb3 58. Rf3+ Kc4 59. Rf4+ Kd3 60. Rf3+ Ke4 61. Rb3 Ra1+ 62. Kg2 Kd4 63. Rf3 Kc4 64. Rf4+ Kd3 65. Rf3+ Ke4 66. Rb3 Ra2+ 67. Kg3 Kd4 68. Rf3 Kc4 69. Rf4+ Kc3 70. Rf3+ Kd4 71. Rf4+ Ke5 72. Rf3 Ra1 73. Kg2 Ke4 74. Rg3 Ra2+ 75. Kg1 Kd4 76. Rg4+ Ke3 77. Rg3+ Kf4 78. Rb3 Kg4 79. Rc3 Kf5 80. Rb3 Ke4 81. Rc3 Kd5 82. Rf3 Kd4 83. Rb3 Ra1+ 84. Kg2 Kc4 85. Rf3 Kb5 86. Rf5+ Kc6 87. Rf6+ Kc5 88. Rf5+ Kd4 89. Rf3 Ke4 1/2-1/2


[Site "https://www.chess.com"]

[Event "Titled Tuesday Blitz January 31 Late 2023"]
[White "Pranav, V"]
[Black "Hambleton, Aman"]
[WhiteFideId "25060783"]
[BlackFideId "2606577"]
[WhiteElo "2597"]
[BlackElo "2420"]
[Result "1-0"]
[Round "05"]
[TimeControl "180+2"]
[Date "2023.01.31"]
[WhiteClock "0:00:52"]
[BlackClock "0:00:01"]

1. e4 c5 2. Nf3 e6 3. d4 cxd4 4. Nxd4 Nc6 5. Nc3 Qc7 6. Be2 a6 7. O-O b5 8. Nxc6 Qxc6 9. Bd3 Bb7 10. Re1 Nf6 11. Bg5 Be7 12. a3 h6 13. Bh4 d6 14. Bf1 O-O 15. Qd3 Rac8 16. Rad1 Rfe8 17. h3 Qc5 18. Bg3 d5 19. exd5 Nxd5 20. Be5 Nxc3 21. Bxc3 Red8 22. Qg3 Qg5 23. Rxd8+ Bxd8 24. Qd3 Bd5 25. a4 Rb8 26. axb5 axb5 27. Re5 Qf4 28. Re3 Qc4 29. Qd2 Qc6 30. Rg3 g6 31. Qxh6 e5 32. Bxe5 Bf6 33. Bxb8 1-0


[Site "https://www.chess.com"]

[Event "Titled Tuesday Blitz January 31 Late 2023"]
[White "Corrales Jimenez, Fidel"]
[Black "Salem, A.R. Saleh"]
[WhiteFideId "3506690"]
[BlackFideId "9301348"]
[WhiteElo "2489"]
[BlackElo "2677"]
[Result "0-1"]
[Round "05"]
[TimeControl "180+2"]
[Date "2023.01.31"]
[WhiteClock "0:00:07"]
[BlackClock "0:00:21"]

1. e4 c5 2. Nf3 Nc6 3. d4 cxd4 4. Nxd4 Nf6 5. Nc3 e5 6. Ndb5 d6 7. Bg5 a6 8. Bxf6 gxf6 9. Na3 b5 10. Nd5 f5 11. Bd3 Be6 12. O-O Bxd5 13. exd5 Ne7 14. Re1 Bg7 15. c3 O-O 16. Nc2 e4 17. Bf1 Re8 18. a4 bxa4 19. Rxa4 a5 20. Bb5 Rf8 21. Nd4 Rb8 22. c4 Qb6 23. Nc6 Nxc6 24. dxc6 Qc5 25. Rxa5 Bxb2 26. Re3 Bd4 27. Rg3+ Kh8 28. Ra2 Ra8 29. Ba4 f4 30. Rg4 Be5 31. Kh1 Qxc4 32. Bb3 Qxc6 33. Bd5 Rxa2 34. Bxc6 f5 35. Rxf4 Bxf4 36. g3 Be5 37. Kg2 e3 38. Kf3 f4 39. g4 Rxf2+ 40. Ke4 e2 41. Qe1 Rxh2 42. Kd3 f3 43. Bxf3 Rxf3+ 44. Ke4 Rf1 0-1


[Site "https://www.chess.com"]

[Event "Titled Tuesday Blitz January 31 Late 2023"]
[White "Jaracz, Pawel"]
[Black "Martinez Alcantara, Jose Eduardo"]
[WhiteFideId "1102222"]
[BlackFideId "3805662"]
[WhiteElo "2467"]
[BlackElo "2619"]
[Result "0-1"]
[Round "05"]
[TimeControl "180+2"]
[Date "2023.01.31"]
[WhiteClock "0:00:34"]
[BlackClock "0:00:30"]

1. e4 e5 2. Nf3 Nf6 3. Nxe5 d6 4. Nf3 Nxe4 5. Nc3 Nf6 6. d4 Be7 7. Bg5 O-O 8. Bd3 Nc6 9. h3 Nb4 10. Be2 Bf5 11. Rc1 Nfd5 12. Nxd5 Nxd5 13. Bd2 c6 14. c4 Nc7 15. O-O d5 16. c5 Ne6 17. Be3 Bf6 18. Qd2 Be4 19. Nh2 Bg5 20. f4 Be7 21. f5 Nc7 22. Ng4 Re8 23. f6 Bxf6 24. Nxf6+ gxf6 25. Bf4 Bg6 26. h4 h5 27. Rc3 Kh7 28. Rcf3 Ne6 29. Bd6 Nxd4 30. Qxd4 Rxe2 31. Rxf6 Qd7 32. Qf4 Rg8 33. Qg5 Qe8 34. Bf4 Rg7 35. Qh6+ Kg8 0-1


[Site "https://www.chess.com"]

[Event "Titled Tuesday Blitz January 31 Late 2023"]
[White "Oganian, Miran"]
[Black "Makhnev, Denis"]
[WhiteFideId "4122488"]
[BlackFideId "13707647"]
[WhiteElo "2439"]
[BlackElo "2483"]
[Result "1-0"]
[Round "05"]
[TimeControl "180+2"]
[Date "2023.01.31"]
[WhiteClock "0:01:47"]
[BlackClock "0:00:22"]

1. e4 c6 2. d4 d5 3. f3 dxe4 4. fxe4 e5 5. Nf3 Be6 6. Nc3 Nd7 7. Be2 Bd6 8. O-O Ngf6 9. d5 Bg4 10. Kh1 Bxf3 11. Bxf3 Qe7 12. dxc6 bxc6 13. Bg5 h6 14. Bh4 Rb8 15. Qe2 g5 16. Bf2 Bc5 17. Bxc5 Nxc5 18. Bg4 Rxb2 19. Bf5 O-O 20. h4 Kg7 21. Nd1 Rbb8 22. Ne3 Rh8 23. Rf3 Nh5 24. Bg4 Qb7 25. Bxh5 1-0


[Site "https://www.chess.com"]

[Event "Titled Tuesday Blitz January 31 Late 2023"]
[White "Stoyanov, Tsvetan"]
[Black "Tang, Andrew"]
[WhiteFideId "2917173"]
[BlackFideId "2059630"]
[WhiteElo "2454"]
[BlackElo "2523"]
[Result "1-0"]
[Round "05"]
[TimeControl "180+2"]
[Date "2023.01.31"]
[WhiteClock "0:00:12"]
[BlackClock "0:00:01"]

1. c4 e6 2. Nc3 d5 3. e3 Nf6 4. Nf3 b6 5. b3 Bb7 6. Bb2 Nbd7 7. cxd5 exd5 8. d4 Bd6 9. Bd3 O-O 10. O-O Re8 11. Nb5 Bf8 12. Rc1 c5 13. dxc5 bxc5 14. Nc3 Rc8 15. Ne2 d4 16. exd4 Bxf3 17. gxf3 Nd5 18. Qd2 Qh4 19. dxc5 Nxc5 20. Rc4 Qh5 21. Ng3 Qxf3 22. Be2 Rxe2 23. Qxe2 Qxe2 24. Nxe2 Re8 25. Ng3 Nd3 26. Bd4 a6 27. Rd1 N5f4 28. Ra4 h5 29. h4 Re6 30. Ra5 Bb4 31. Rg5 f6 32. Rf5 Kf7 33. Be3 Rd6 34. Bxf4 Nxf4 35. Rxd6 Bxd6 36. Ra5 Be5 37. Rxa6 Nd3 38. Ne4 Kg6 39. a3 Kf5 40. Nd6+ Kg4 41. Nc4 Bf4 42. b4 Kxh4 43. b5 Kg4 44. b6 h4 45. Ne3+ Kf3 46. Ng2 Bg5 47. b7 h3 48. b8=Q hxg2 49. Qg3+ 1-0


[Site "https://www.chess.com"]

[Event "Titled Tuesday Blitz January 31 Late 2023"]
[White "Bok, Benjamin"]
[Black "Akobian, Varuzhan"]
[WhiteFideId "1017063"]
[BlackFideId "13300580"]
[WhiteElo "2607"]
[BlackElo "2591"]
[Result "1/2-1/2"]
[Round "05"]
[TimeControl "180+2"]
[Date "2023.01.31"]
[WhiteClock "0:00:11"]
[BlackClock "0:00:10"]

1. c4 e6 2. g3 d5 3. Bg2 Nf6 4. Nf3 dxc4 5. Qa4+ Bd7 6. Qxc4 c5 7. d4 Bc6 8. dxc5 Nbd7 9. Be3 Nd5 10. Bd4 Qa5+ 11. Nbd2 Nxc5 12. O-O Nd7 13. Rfc1 N5f6 14. Qb3 Qb4 15. a3 Qxb3 16. Nxb3 Bd5 17. Nfd2 b6 18. e4 Bb7 19. Rc7 Rb8 20. Rac1 e5 21. Be3 Bd6 22. R7c2 Ke7 23. f3 Rbc8 24. Nc4 Bb8 25. Bh3 Rc6 26. Bd2 Rhc8 27. Bb4+ Ke8 28. Ne3 Rxc2 29. Rxc2 Rxc2 30. Nxc2 a5 31. Bc3 Bd6 32. Kf2 Nc5 33. Nxc5 Bxc5+ 34. Ne3 Nd7 35. Bxd7+ Kxd7 36. Bxe5 f6 37. Bc3 Ba6 38. f4 Bb7 39. Kf3 Bxe3 40. Kxe3 a4 41. g4 h6 42. h4 b5 43. f5 Ke7 44. Kf4 Kf7 45. Bd4 Bc6 46. e5 fxe5+ 47. Kxe5 Bf3 48. g5 hxg5 49. hxg5 g6 50. f6 Be2 51. Kd6 Bf1 52. Kc5 Be2 53. Bc3 Bf1 54. Kb4 Be2 55. Kc5 Bf1 56. Kd4 Be2 57. Ke3 Bc4 58. Bd4 Bd5 59. Kf2 Bc4 60. Ke3 Bd5 61. Kd2 Bc4 62. Bc3 Bd5 63. Ke3 Bc4 64. Kd4 Bf1 65. Kc5 Be2 66. Kb4 Bf1 67. b3 axb3 68. Kxb3 Be2 69. Kb4 Bf1 70. Bb2 Be2 71. Kc5 Bf1 72. Kd4 Be2 73. Ke3 Bc4 74. Bc3 Bb3 75. Bb4 Bc4 76. Kd4 Bb3 77. Kc5 Ba4 78. Kc6 Ke6 79. Kb6 Kf7 80. Ka6 Ke6 81. Ka5 Kf7 82. Kb6 Ke6 83. Kc6 Kf7 84. Kb6 Ke6 85. Kc5 Kf7 86. Bc3 Ke6 87. Ba5 Kf7 88. Bd2 Ke6 89. Bb4 Kf7 1/2-1/2


[Site "https://www.chess.com"]

[Event "Titled Tuesday Blitz January 31 Late 2023"]
[White "Terry, Renato"]
[Black "Khoroshev, Nikita"]
[WhiteFideId "3803457"]
[BlackFideId "14200287"]
[WhiteElo "2520"]
[BlackElo "2336"]
[Result "1-0"]
[Round "05"]
[TimeControl "180+2"]
[Date "2023.01.31"]
[WhiteClock "0:00:40"]
[BlackClock "0:00:03"]

1. d4 Nf6 2. Nf3 g6 3. Bg5 Bg7 4. c3 d5 5. Nbd2 O-O 6. e3 c5 7. dxc5 a5 8. a4 Qc7 9. Nb3 Nbd7 10. Qd4 Ne4 11. Qxd5 Nxg5 12. Qxg5 h6 13. Qxe7 b6 14. Qd6 Qa7 15. c6 Nf6 16. Bb5 Ne4 17. Qf4 Qe7 18. Nfd4 g5 19. Qf3 g4 20. Qe2 Be6 21. O-O h5 22. f3 gxf3 23. Qxf3 Bg4 24. Qf4 Be5 25. Nf5 Qe6 26. Nbd4 Bxf4 27. Nxe6 fxe6 28. Ne7+ Kf7 29. Rxf4+ Nf6 30. h3 Kxe7 31. hxg4 Nxg4 32. Rd1 Rfd8 33. Rfd4 Nxe3 34. Rd7+ Rxd7 35. Rxd7+ Kf6 36. c7 Nd5 37. Bc6 Rc8 38. Bxd5 exd5 39. Rxd5 Rxc7 40. Rd6+ Kg5 41. Rxb6 Kg4 42. Rb5 h4 43. Rxa5 Rd7 44. Kh2 Rd2 45. Rb5 Kf4 46. a5 Ke3 47. a6 Rd1 48. Ra5 1-0


[Site "https://www.chess.com"]

[Event "Titled Tuesday Blitz January 31 Late 2023"]
[White "Svane, Rasmus"]
[Black "Harshavardhan G B"]
[WhiteFideId "4657101"]
[BlackFideId "25059009"]
[WhiteElo "2623"]
[BlackElo "2408"]
[Result "1-0"]
[Round "05"]
[TimeControl "180+2"]
[Date "2023.01.31"]
[WhiteClock "0:00:22"]
[BlackClock "0:00:05"]

1. Nf3 Nf6 2. g3 g6 3. Bg2 Bg7 4. O-O O-O 5. d4 d6 6. Re1 d5 7. c4 c6 8. Qb3 Qb6 9. Nc3 dxc4 10. Qxc4 Be6 11. Qa4 Na6 12. e4 Rfd8 13. Qc2 Nb4 14. Qe2 a5 15. a3 Na6 16. h3 Qb3 17. Be3 Qc4 18. Qc2 Qb3 19. Qc1 Bd7 20. d5 c5 21. Nd2 Qb6 22. Nc4 Qa7 23. e5 Ne8 24. Bg5 b5 25. Nxa5 Qc7 26. e6 Qxa5 27. Bxe7 Bc8 28. exf7+ Kxf7 29. d6 Be6 30. Qf4+ Nf6 31. Ne4 Bf5 32. Nxf6 Bxf6 33. Bd5+ Kg7 34. Bxf6+ Kxf6 35. Qe5+ Kg5 36. Qe7+ Kh6 37. Qh4+ Kg7 38. Re7+ Kf8 39. Qf6# 1-0


[Site "https://www.chess.com"]

[Event "Titled Tuesday Blitz January 31 Late 2023"]
[White "Dardha, Daniel"]
[Black "Wieczorek, Oskar"]
[WhiteFideId "240990"]
[BlackFideId "1133950"]
[WhiteElo "2631"]
[BlackElo "2512"]
[Result "1-0"]
[Round "05"]
[TimeControl "180+2"]
[Date "2023.01.31"]
[WhiteClock "0:00:49"]
[BlackClock "0:00:04"]

1. d4 Nf6 2. Bg5 d5 3. e3 Nbd7 4. Nd2 g6 5. Bd3 Bg7 6. f4 c5 7. c3 O-O 8. Ngf3 b6 9. Ne5 Bb7 10. Qf3 e6 11. h4 Qc7 12. h5 Nxh5 13. Nxd7 Qxd7 14. g4 f6 15. Bh4 e5 16. dxe5 fxe5 17. gxh5 e4 18. Nxe4 dxe4 19. Bc4+ Kh8 20. Qe2 gxh5 21. Qxh5 Qf5 22. Bg5 Rae8 23. O-O-O b5 24. Bxb5 Re6 25. Bd7 h6 26. Bxe6 Qxe6 27. Bxh6 1-0


[Site "https://www.chess.com"]